 Dungeon Crawl Stone Soup version 0.28-a0-464-g0687ed57fd (webtiles) character file.

Game seed: 5330376314987620895

263 Aggronaut the Cleaver (level 5, -4/45 HPs)
             Began as a Minotaur Berserker on Sept 14, 2021.
             Was a Believer of Trog.
             Slain by Eustachio (8 damage)
             ... on level 4 of the Dungeon.
             The game lasted 00:04:52 (2592 turns).

Aggronaut the Cleaver (Minotaur Berserker)          Turns: 2592, Time: 00:04:53

Health: -4/45      AC:  6    Str: 23      XL:     5   Next: 97%
Magic:  4/4        EV:  8    Int:  4      God:    Trog [**....]
Gold:   121        SH:  5    Dex:  5 (9)  Spells: 4/4 levels left

rFire   + . .      SeeInvis .   a - +0 hand axe
rCold   . . .      Faith    .   f - +0 kite shield
rNeg    . . .      Spirit   .   n - +0 ring mail
rPois   .          Reflect  .   (helmet restricted)
rElec   .          Harm     .   (no cloak)
rCorr   .          Rampage  .   c - +0 pair of gloves
Will    .....                   (no boots)
Stlth   ..........              k - amulet of regeneration
HPRegen 1.15/turn               l - ring of protection from fire
MPRegen 0.09/turn               (no ring)

@: on berserk cooldown
A: horns 2, retaliatory headbutt
a: Renounce Religion, Berserk, Trog's Hand


You were on level 4 of the Dungeon.
You worshipped Trog.
Trog was pleased with you.
You visited 1 branch of the dungeon, and saw 4 of its levels.

You collected 121 gold pieces.

Inventory:

Hand Weapons
 a - a +0 hand axe (weapon)
Armour
 c - a +0 pair of gloves (worn)
 f - a +0 kite shield (worn)
 n - a +0 ring mail (worn)
Jewellery
 k - an amulet of regeneration (around neck)
 l - a ring of protection from fire (left hand)
 q - a +4 ring of evasion
Scrolls
 d - a scroll of brand weapon {unknown}
 i - 2 scrolls of teleportation
 p - a scroll of enchant armour {unknown}
Potions
 b - a potion of curing
 e - a potion of heal wounds
 j - a potion of haste {unknown}
 o - a potion of attraction {unknown}


   Skills:
 - Level 3.6 Fighting
 + Level 8.1 Axes
 - Level 2.4 Armour
 - Level 2.1 Dodging


You had 4 spell levels left.
You didn't know any spells.
Your spell library contained the following spells:

 Spells                   Type           Power      Damage    Failure   Level
 Apportation              Tloc           0%         N/A       99%         1
 Summon Small Mammal      Summ           0%         N/A       99%         1
 Blink                    Tloc           N/A        N/A       100%        2
 Corpse Rot               Necr/Air       N/A        N/A       100%        2
 Poisonous Vapours        Pois/Air       0%         N/A       100%        2
 Call Canine Familiar     Summ           0%         N/A       100%        3
 Summon Guardian Golem    Hex/Summ       0%         N/A       100%        3
 Alistair's Intoxication  Tmut/Pois      0%         N/A       100%        5
 Manifold Assault         Tloc           0%         N/A       100%        5
 Invisibility             Hex            0%         N/A       100%        6
 Storm Form               Tmut/Air       0%         N/A       100%        7


Dungeon Overview and Level Annotations

Branches:
Dungeon (4/15)
 Temple: D:4-7

Altars:
Yredelemnul

Annotations:
D:4 Eustachio


Innate Abilities, Weirdness & Mutations

You have a pair of horns on your head.
You reflexively headbutt those who attack you in melee.


Message History

The river rat closely misses you. The river rat bites you.
You barely miss the river rat.
The river rat is severely wounded.
The river rat bites you.
You barely miss the river rat. Your headbutt misses the river rat.
The river rat is severely wounded.
You block the river rat's attack.
You hit the river rat.
The river rat is severely wounded.
The river rat bites you.
You hit the river rat but do no damage.
The river rat is severely wounded.
The river rat bites you.
Eustachio casts a spell.
Eustachio blinks!
You closely miss the river rat.
The river rat is severely wounded.
The river rat closely misses you. The river rat bites you.
You slash the river rat!
You kill the river rat!
The river rat's corpse disappears in a puff of smoke!
You slash the quokka!
You kill the quokka!
The quokka's corpse disappears in a puff of smoke!
Eustachio casts a spell.
The bat hits you but does no damage.
Eustachio hits you with a +0 rapier of electrocution.
You are electrocuted!
* * * LOW HITPOINT WARNING * * *
You barely miss Eustachio. You headbutt Eustachio!
Eustachio is severely wounded.
Your shield prevents you from hitting the bat.
You block the bat's attack. You block Eustachio's attack.
You closely miss Eustachio.
Eustachio is severely wounded.
You block the bat's attack.
Eustachio hits you with a +0 rapier of electrocution.
* * * LOW HITPOINT WARNING * * *
You are electrocuted!
You die...

..[##........................##
. #...#................[.....#
..#.#......#.#...............#
....................##.......#
.............## ##.#
...........>..# #..#
.........<....# #.#
...........r..###.#
............ยง.#@@.#
...............b###
...............##
..............##
.####...?...... ...#.........
...#......#### #....### #[...


You could see Eustachio and a bat (summoned).

Vanquished Creatures
  An ogre (D:4)
  2 scorpions (D:4)
  An adder (D:2)
  2 worms
  3 dart slugs
  5 ball pythons
  3 endoplasms
  5 giant cockroaches
  2 goblins (D:1)
  6 hobgoblins
  3 bats (D:3)
  3 frilled lizards
  3 kobolds
  A rat (D:1)
40 creatures vanquished.

Vanquished Creatures (others)
  2 withered plants (D:3)
2 creatures vanquished.

Grand Total: 42 creatures vanquished

Notes
Turn   | Place    | Note
-------+----------+-------------------------------------------
     0 | D:1      | Aggronaut the Minotaur Berserker began the quest for the
                  | Orb.
     0 | D:1      | Reached XP level 1. HP: 19/19 MP: 0/0
    62 | D:1      | Reached skill level 4 in Axes
   115 | D:1      | Reached XP level 2. HP: 23/26 MP: 1/1
   639 | D:1      | Found a faded altar of an unknown god.
  1251 | D:2      | Reached skill level 5 in Axes
  1251 | D:2      | Reached XP level 3. HP: 26/31 MP: 2/2
  2156 | D:3      | Found a basalt altar of Yredelemnul.
  2163 | D:3      | Reached ** piety under Trog
  2268 | D:4      | Noticed an ogre
  2276 | D:4      | HP: 1/46 [ogre (11)]
  2277 | D:4      | Killed an ogre
  2278 | D:4      | Reached skill level 6 in Axes
  2278 | D:4      | Reached XP level 4. HP: 2/39 MP: 3/3
  2278 | D:4      | Reached XP level 5. HP: 3/45 MP: 4/4
  2344 | D:4      | Reached skill level 7 in Axes
  2347 | D:4      | Reached skill level 8 in Axes
  2533 | D:4      | Noticed Eustachio
  2550 | D:4      | HP: 1/45 [Eustachio (9)]
  2592 | D:4      | Slain by Eustachio

Illustrated notes

Levels and vault maps discovered:
D:1:      amcnicky_arrival_double_pillar, layout_loops_ring,
          ebering_ecumenical_altar_hall, minmay_strange_pillars
D:2:      layout_loops_ring, minmay_misc_feat_doors
D:3:      layout_rooms, yredelemnul_altar_generic, dk_noncrumbling_3,
          grunt_decor_resistance
D:4:      layout_rooms, tso_altar, st_stairs_3, uniq_eustachio

Skill      XL: |  1  2  3  4  5 |
---------------+----------------+-----
Axes           | 4 5 6 8 |  8.1
Fighting       | |  3.6
Armour         | |  2.4
Dodging        | |  2.1

Action                   |  1- 3 |  4- 6 || total
-------------------------+-------+-------++-------
Melee: Hand axe          |    69 |    38 ||   107
       Headbutt          |    15 |     7 ||    22
Invok: Berserk           |     1 |     2 ||     3
       Trog's Hand       |       |     1 ||     1
  Use: Scroll            |       |     4 ||     4
       Potion            |       |     3 ||     3
 Stab: Sleeping          |     1 |       ||     1
Armor: Animal skin       |     8 |       ||     8
       Ring mail         |    11 |    64 ||    75
Dodge: Dodged            |    28 |    59 ||    87
Block: Kite shield       |    14 |    29 ||    43

Table legend: (Time is in decaauts)
 A = Elapsed time spent in this place.
 B = Non-inter-level travel time spent in this place.
 C = Inter-level travel time spent in this place.
 D = Time resting spent in this place.
 E = Time spent auto-exploring this place.
 F = Levels seen in this place.
 G = Mean time per level.
                   A        B        C        D        E       F      G
               +--------+--------+--------+--------+--------+-----+--------+
         Total |   2640 |   2541 |     99 |    354 |   1712 |   4 |  660.0 |
       Dungeon |   2640 |   2541 |     99 |    354 |   1712 |   4 |  660.0 |
               +--------+--------+--------+--------+--------+-----+--------+

Top non-repeatable levels by time:
     D:1: 890 daAuts
     D:2: 889 daAuts
     D:3: 504 daAuts
     D:4: 355 daAuts
